 Dungeon Crawl Stone Soup version 0.24-a0-375-g4de66ed42b (webtiles) character file.

Game seed: 3403813638048919919

125748 theanonym the Minotaur Blade (level 16, -2/152 HPs)
             Began as a Minotaur Assassin on May 31, 2019.
             Was an Elder of Okawaru.
             Killed from afar by a deep elf knight (31 damage)
             ... with a shard of ice
             ... on level 1 of the Elven Halls.
             The game lasted 00:54:58 (33361 turns).

theanonym the Minotaur Blade (Minotaur Assassin)   Turns: 33361, Time: 00:54:59

Health: -2/152     AC: 35    Str: 27    XL:     16   Next: 42%
Magic:  20/22      EV: 10    Int: 11    God:    Okawaru [****..]
Gold:   2494       SH:  0    Dex: 11    Spells: 15/15 levels left

rFire    + + .     SeeInvis .   a - +1 triple sword (elec)
rCold    + . .     Gourm    .   (shield currently unavailable)
rNeg     + . .     Faith    .   U - +2 gold dragon scales
rPois    +         Spirit   .   P - +0 hat of Yroc {rElec rN+ MR+ Dex-3}
rElec    +         Reflect  .   k - +1 cloak {MR+}
rCorr    .         Harm     .   F - +2 pair of gloves {Str+3}
MR       ++++.                  (no boots)
Stlth    ..........             Y - amulet "Syobuick" {Regen+ Str+3 Int+3}
HPRegen  0.75/turn              l - ring of protection from fire
MPRegen  0.18/turn              o - ring "Sezuyk" {Wiz rElec Slay+2}

@: heroism
A: retaliatory headbutt, horns 2, slimy green scales 1, magic resistance 1,
shaggy fur 1
a: Heroism, Renounce Religion


Innate Abilities, Weirdness & Mutations

You reflexively headbutt those who attack you in melee.
You have a pair of horns on your head.
You are partially covered in slimy green scales. (AC +2)
You are resistant to hostile enchantments. (MR+)
You are covered in fur. (AC +1)


   Skills:
 + Level 16.6(21.6) Fighting
   Level 2.1(18.7) Short Blades
 * Level 21.4(26.4) Long Blades
 - Level 2.0(7.0) Throwing
 + Level 16.4(21.4) Armour
 + Level 1.7(6.7) Dodging
 - Level 3.2(8.2) Stealth
 - Level 10.0 Invocations


You had 15 spell levels left.
You didn't know any spells.
Your spell library contained the following spells:

 Spells                   Type           Power        Failure   Level  Hunger
 Magic Dart               Conj           #...         80%         1    ##.....
 Sandblast                Erth           #.....       80%         1    ##.....
 Summon Small Mammal      Summ           #...         80%         1    ##.....
 Call Imp                 Summ           #.......     90%         2    ###....
 Ensorcelled Hibernation  Hex/Ice        #.....       90%         2    ###....
 Passwall                 Tmut/Erth      #.......     90%         2    ###....
 Searing Ray              Conj           #.....       90%         2    ###....
 Swiftness                Chrm/Air       #.......     90%         2    ###....
 Call Canine Familiar     Summ           #.......     98%         3    ####...
 Dazzling Spray           Conj/Hex       #.....       98%         3    ####...
 Stone Arrow              Conj/Erth      #.....       98%         3    ####...
 Summon Guardian Golem    Hex/Summ       #.......     98%         3    ####...
 Force Lance              Conj/Tloc      #.......     100%        4    #####..
 Fulminant Prism          Conj/Hex       #.........   100%        4    #####..
 Iskenderun's Mystic Bla  Conj           #.......     100%        4    #####..
 Petrify                  Tmut/Erth      #.......     100%        4    #####..
 Summon Ice Beast         Ice/Summ       #.......     100%        4    #####..
 Summon Lightning Spire   Summ/Air       #.......     100%        4    #####..
 Lee's Rapid Deconstruct  Erth           #.........   100%        5    ######.
 Metabolic Englaciation   Hex/Ice        #.........   100%        5    ######.
 Deflect Missiles         Chrm/Air       #.........   100%        6    #######

Skill      XL: |  1  2  3  4  5  6  7  8  9 10 11 12 13 14 15 16 |
---------------+-------------------------------------------------+-----
Armour         | 1 2 3 4 5 6 7 8 10 11 12 14 15 16 | 16.4
Fighting       | 3 4 5 7 9 10 11 13 14 15 16 | 16.6
Long Blades    | 2 4 6 8 10 12 14 16 18 19 20 21 | 21.4
Invocations    | 3 5 7 9 10 | 10.0
Short Blades   | |  2.1
Throwing       | |  2.0
Dodging        | |  1.7
Stealth        | |  3.2

Action                   |  1- 3 |  4- 6 |  7- 9 | 10-12 | 13-15 | 16-18 || total
-------------------------+-------+-------+-------+-------+-------+-------++-------
Melee: Dagger            |   100 |    81 |       |       |       |       ||   181
       Headbutt          |    15 |    42 |   112 |   233 |   266 |    39 ||   707
       Falchion          |       |   136 |   444 |   196 |       |       ||   776
       Long sword        |       |       |       |   465 |       |       ||   465
       Great sword       |       |       |       |   296 |   552 |       ||   848
       Triple sword      |       |       |       |       |   729 |   201 ||   930
       Scimitar          |       |       |       |       |       |     7 ||     7
Throw: Dart              |     4 |       |       |     5 |       |       ||     9
       Throwing net      |       |       |       |       |     2 |       ||     2
Invok: Heroism           |       |       |     5 |    14 |    17 |     3 ||    39
       Finesse           |       |       |       |     1 |       |       ||     1
Evoke: Wand              |       |       |    10 |     7 |    12 |     1 ||    30
       Fan of gales      |       |       |       |       |     2 |       ||     2
  Use: Potion            |       |     3 |     3 |     7 |     8 |     1 ||    22
       Scroll            |       |     6 |     9 |    10 |    15 |     2 ||    42
 Stab: Sleeping          |     3 |       |       |       |       |       ||     3
       Paralysed         |       |       |     9 |       |       |       ||     9
       Invisible         |       |       |       |     4 |       |       ||     4
       Held in net/web   |       |       |       |       |     2 |       ||     2
  Eat: Chunk             |     3 |     5 |    10 |    15 |    20 |     3 ||    56
       Ration            |       |     2 |     1 |     4 |     8 |     1 ||    16
Armor: Robe              |    27 |       |       |       |       |       ||    27
       Scale mail        |       |    33 |       |       |       |       ||    33
       Chain mail        |       |   119 |   132 |       |       |       ||   251
       Plate armour      |       |       |   205 |   548 |   789 |       ||  1542
       Skin              |       |       |       |     5 |    14 |       ||    19
       Gold dragon scale |       |       |       |       |   331 |   227 ||   558
       Crystal plate arm |       |       |       |       |    42 |       ||    42
Dodge: Dodged            |    31 |    14 |    30 |   171 |   499 |    55 ||   800
Block: Large shield      |    32 |   133 |   299 |   364 |       |       ||   828
       Rpst.: Falchion   |       |     4 |    12 |     5 |       |       ||    21
       Long sword        |       |       |       |    10 |       |       ||    10
       Great sword       |       |       |       |    29 |    53 |       ||    82
       Triple sword      |       |       |       |       |    72 |    18 ||    90

Inventory:

Hand Weapons
 a - a +1 triple sword of electrocution (weapon)
 b - a +0 scimitar of flaming
Missiles
 d - 80 poisoned darts (quivered)
 m - 2 throwing nets
 x - 9 atropa-tipped darts
 A - 9 silver javelins
 N - 14 curare-tipped darts
Armour
 k - a +1 cloak of magic resistance (worn)
 E - a +2 plate armour of cold resistance
 F - a +2 pair of gloves of strength (worn)
 K - a +3 plate armour of fire resistance
 P - the +0 hat of Yroc (worn) {rElec rN+ MR+ Dex-3}

   It affects your dexterity (-3).
   It insulates you from electricity.
   It protects you from negative energy.
   It affects your resistance to hostile enchantments.
 S - a +1 crystal plate armour
 U - +2 gold dragon scales (worn)
 W - the +2 pair of gloves of Ywaqemo {rC+ MR+}

   It protects you from cold.
   It affects your resistance to hostile enchantments.
Jewellery
 l - a ring of protection from fire (left hand)
 o - the ring "Sezuyk" (right hand) {Wiz rElec Slay+2}

   [ring of wizardry]

   It improves your spell success rate.
   It affects your accuracy and damage with ranged weapons and melee attacks
   (+2).
   It insulates you from electricity.
 H - an uncursed ring of positive energy
 X - the ring "Lyneu" {Fire *Slow rPois MR+++ Dex+6}

   [ring of fire]

   It enhances your fire magic.
   It affects your dexterity (+6).
   It protects you from fire.
   It makes you vulnerable to cold.
   It protects you from poison.
   It affects your resistance to hostile enchantments.
   It may slow you when you take damage.
 Y - the amulet "Syobuick" (around neck) {Regen+ Str+3 Int+3}

   [amulet of regeneration]

   It affects your strength (+3).
   It affects your intelligence (+3).
   It increases your rate of regeneration.
Wands
 i - a wand of flame (19)
 z - a wand of enslavement (29)
 D - a wand of iceblast (19)
 I - a wand of paralysis (3)
 M - a wand of polymorph (1)
 O - a wand of disintegration (36)
Scrolls
 c - 2 scrolls of immolation
 f - 4 scrolls of fog
 n - 5 scrolls of remove curse
 r - 2 scrolls of identify
 t - 11 scrolls of teleportation
 u - 8 scrolls of amnesia
 y - 8 scrolls of magic mapping
 B - 6 scrolls of blinking
 R - 6 scrolls of fear
Potions
 g - 5 potions of flight
 j - a potion of berserk rage
 p - 2 potions of cancellation
 q - 6 potions of heal wounds
 v - 3 potions of lignification
 w - 4 potions of curing
 C - 2 potions of mutation
 G - 6 potions of brilliance
 J - 2 potions of ambrosia
 Q - a potion of resistance
 V - a potion of invisibility
Miscellaneous
 s - a fan of gales
Comestibles
 e - 19 rations
 h - 7 chunks of flesh


You were on level 1 of the Elven Halls.
You worshipped Okawaru.
Okawaru was greatly pleased with you.
You were not hungry.

You visited 4 branches of the dungeon, and saw 24 of its levels.
You also visited: Trove and Volcano.

You collected 3071 gold pieces.
You spent 577 gold pieces at shops.

Dungeon Overview and Level Annotations

Branches:
Dungeon (15/15)            Temple (0/1) D:5            Lair (6/6) D:9
  Swamp (0/4) Lair:3       Spider (0/4) Lair:3        Slime (0/5) Lair:5
    Orc (2/2) D:10            Elf (1/3) Orc:2        Vaults (0/5) D:14
 Depths (0/5) D:15

Altars:
Ashenzari
Hepliaklqana
Kikubaaqudgha
Makhleb
Okawaru
Qazlal
Ru
Sif Muna
Trog
Wu Jian
Yredelemnul
Zin
The Shining One
Beogh
Jiyva

Shops:
D:4 }   D:7 (   D:12 !   Orc:2 [:*(

Annotations:
Lair:6 exclusion: oklob plant

##.# #.........
##...## #.........
##>....###§e3......
##.........§......(.
##.........°§(e..°...
#.........§..(.......
#........§.4.)......
#.......#{s........
#.....@.r######[..
##...##### ##
####.### .## #[.....#
...# #.##.#.##
#..#######.##.....
#............##.###
..######......#.# ###
#.#.#..#.#


You could see a demonic crawler, a deep elf mage, a red devil and a hell rat.

Notes
Turn   | Place    | Note
-------+----------+-------------------------------------------
     0 | D:1      | theanonym the Minotaur Assassin began the quest for the
                  | Orb.
     0 | D:1      | Reached XP level 1. HP: 18/18 MP: 0/0
   263 | D:1      | Reached skill level 1 in Armour
   317 | D:1      | Reached skill level 3 in Fighting
   317 | D:1      | Reached XP level 2. HP: 15/26 MP: 1/1
   321 | D:1      | HP: 13/26 [kobold/+0 whip (3)]
   327 | D:1      | HP: 8/26 [kobold/+0 whip (2)]
   413 | D:1      | HP: 12/26 [dart slug (3)]
   990 | D:2      | Reached skill level 2 in Armour
  1081 | D:2      | Reached XP level 3. HP: 19/31 MP: 2/2
  1259 | D:2      | Found a hazy altar of Hepliaklqana.
  1829 | D:3      | Reached skill level 4 in Fighting
  1875 | D:3      | Noticed Terence
  1884 | D:3      | Killed Terence
  1884 | D:3      | Reached skill level 3 in Armour
  1884 | D:3      | Reached XP level 4. HP: 29/40 MP: 3/3
  2390 | D:3      | Noticed Jessica
  2396 | D:3      | Killed Jessica
  2404 | D:3      | Reached XP level 5. HP: 47/47 MP: 4/4
  2429 | D:3      | HP: 22/47 [poisoned by an orc wizard]
  2434 | D:3      | HP: 22/47 [poisoned by an orc wizard]
  2444 | D:3      | HP: 20/47 [poisoned by an orc wizard]
  2446 | D:3      | Reached skill level 5 in Fighting
  2446 | D:3      | Reached skill level 4 in Armour
  2449 | D:3      | HP: 7/48 [poisoned by an orc wizard]
  2454 | D:3      | HP: 9/48 [orc/+0 flail (3)]
  2759 | D:3      | HP: 23/48 [poisoned by kobold (curare-tipped dart)]
  2765 | D:3      | HP: 17/48 [poisoned by kobold (curare-tipped dart)]
  2770 | D:3      | HP: 16/48 [poisoned by kobold (curare-tipped dart)]
  2776 | D:3      | HP: 15/48 [poisoned by kobold (curare-tipped dart)]
  3229 | D:4      | Noticed a phantom
  3293 | D:4      | Found Jeusucutoa's Gadget Shop.
  3299 | D:4      | Reached skill level 1 in Long Blades
  3418 | D:4      | Reached skill level 2 in Long Blades
  3429 | D:4      | HP: 24/48 [gnoll/cursed -1 spear (1)]
  3432 | D:4      | HP: 10/48 [howler monkey skeleton (3)]
  3438 | D:4      | Reached XP level 6. HP: 13/56 MP: 5/5
  3439 | D:4      | HP: 12/56 [howler monkey skeleton (2)]
  3444 | D:4      | HP: 9/56 [howler monkey skeleton (1)]
  3912 | D:4      | Reached skill level 3 in Long Blades
  4137 | D:4      | Found a stormy altar of Qazlal.
  4244 | D:4      | Found a basalt altar of Yredelemnul.
  4390 | D:4      | Found an ancient bone altar of Kikubaaqudgha.
  4754 | D:4      | Found a stormy altar of Qazlal.
  4926 | D:4      | Found a basalt altar of Yredelemnul.
  5031 | D:4      | Found Jeusucutoa's Gadget Shop.
  5074 | D:4      | Found an ancient bone altar of Kikubaaqudgha.
  5319 | D:5      | Entered Level 5 of the Dungeon
  5333 | D:5      | Found an iron altar of Okawaru.
  5347 | D:5      | Became a worshipper of Warmaster Okawaru
  5357 | D:5      | Reached skill level 5 in Armour
  5576 | D:5      | Reached skill level 4 in Long Blades
  5576 | D:5      | Reached XP level 7. HP: 51/62 MP: 6/6
  5579 | D:5      | HP: 31/62 [centaur/+0 scythe (3)]
  5585 | D:5      | HP: 25/62 [centaur/arrow (2)]
  5588 | D:5      | Reached skill level 6 in Fighting
  5588 | D:5      | Reached skill level 1 in Invocations
  5588 | D:5      | HP: 11/63 [centaur/arrow (7)]
  5588 | D:5      | Noticed Pikel
  5592 | D:5      | Reached * piety under Okawaru
  6081 | D:5      | Reached skill level 5 in Long Blades
  6129 | D:5      | Found a staircase to the Ecumenical Temple.
  6132 | D:5      | Found the +3 robe of Folly {Archmagi, MR-- Int+5}
  6206 | D:5      | Reached ** piety under Okawaru
  6206 | D:5      | Reached skill level 2 in Invocations
  6298 | D:5      | Found a sacrificial altar of Ru.
  6329 | D:5      | Killed Pikel
  6329 | D:5      | Reached skill level 7 in Fighting
  6329 | D:5      | Reached skill level 6 in Long Blades
  6329 | D:5      | Reached skill level 6 in Armour
  6329 | D:5      | Reached skill level 3 in Invocations
  6329 | D:5      | Reached XP level 8. HP: 44/73 MP: 7/9
  6826 | D:6      | Reached skill level 7 in Long Blades
  6863 | D:6      | Found a glowing golden altar of the Shining One.
  6941 | D:6      | Reached *** piety under Okawaru
  6987 | D:6      | Found an ornate altar of the Wu Jian Council.
  7006 | D:6      | Noticed a cyan ugly thing
  7009 | D:6      | Noticed a manticore
  7020 | D:7      | HP: 21/73 [cyan ugly thing (17)]
  7028 | D:7      | Killed a cyan ugly thing
  7028 | D:7      | Reached skill level 8 in Long Blades
  7028 | D:7      | Reached skill level 7 in Armour
  7028 | D:7      | Reached XP level 9. HP: 25/80 MP: 7/10
  7279 | D:6      | HP: 40/80 [manticore (8)]
  7288 | D:6      | Killed a manticore
  7288 | D:6      | Reached **** piety under Okawaru
  7288 | D:6      | Reached skill level 4 in Invocations
  7294 | D:6      | Reached skill level 8 in Fighting
  7569 | D:6      | Found a glowing silver altar of Zin.
  7579 | D:6      | Found a deep blue altar of Sif Muna.
  7784 | D:7      | HP: 38/81 [orc warrior/+0 flail (12)]
  7797 | D:6      | HP: 19/81 [orc warrior/+0 battleaxe (6)]
  8087 | D:6      | Reached skill level 9 in Long Blades
  8278 | D:7      | Found Murix's Antique Weapon Boutique.
  8293 | D:7      | Bought a runed falchion for 168 gold pieces
  8426 | D:6      | Found an ornate altar of the Wu Jian Council.
  8512 | D:6      | Found a glowing silver altar of Zin.
  8522 | D:6      | Found a deep blue altar of Sif Muna.
  8581 | D:6      | Reached skill level 8 in Armour
  8643 | D:6      | Found a glowing golden altar of the Shining One.
  8806 | D:7      | Reached skill level 5 in Invocations
  8909 | D:7      | Identified the +4 flail of Fear {crush, *Noise +Blink Int+6
                  | Dex+2}
  8909 | D:7      | Noticed a tengu warrior
  8910 | D:7      | Noticed aaksess's ghost (novice DEWz)
  8911 | D:7      | Identified the +6 short sword of Pride {antimagic, Dex+4}
  8912 | D:7      | Found a transporter.
  8919 | D:7      | Found a bloodstained altar of Trog.
  8921 | D:7      | Noticed a moth of wrath
  8926 | D:7      | Found a transporter.
  9047 | D:7      | Reached skill level 10 in Long Blades
  9328 | D:8      | Reached skill level 9 in Fighting
  9516 | D:8      | Found a shattered altar of Ashenzari.
  9516 | D:8      | Noticed a queen ant
  9545 | D:8      | Killed a queen ant
  9545 | D:8      | Reached ***** piety under Okawaru
  9545 | D:8      | Received a gift from Okawaru
  9545 | D:8      | Reached XP level 10. HP: 85/91 MP: 12/12
  9586 | D:8      | Reached skill level 9 in Armour
  9596 | D:8      | Reached skill level 11 in Long Blades
  9986 | D:8      | HP: 46/93 [poisoned by a worker ant]
  9991 | D:8      | HP: 45/93 [poisoned by a worker ant]
  9996 | D:8      | HP: 45/93 [poisoned by a worker ant]
 10004 | D:8      | HP: 45/93 [poisoned by a worker ant]
 10244 | D:8      | Noticed Psyche
 10252 | D:8      | Killed Psyche
 10252 | D:8      | Reached skill level 10 in Fighting
 10599 | D:8      | Reached skill level 12 in Long Blades
 10781 | D:9      | Reached skill level 10 in Armour
 10979 | D:9      | Found a staircase to the Lair.
 11225 | D:9      | Found a burning altar of Makhleb.
 11333 | D:9      | Reached XP level 11. HP: 62/101 MP: 10/13
 11772 | D:10     | Entered Level 10 of the Dungeon
 11779 | D:10     | Noticed a skeletal warrior
 11803 | D:10     | HP: 45/101 [skeletal warrior/+0 dire flail[a skeletal
                  | warrior] (7)]
 11808 | D:10     | HP: 35/101 [skeletal warrior/+0 dire flail[a skeletal
                  | warrior] (2)]
 11814 | D:10     | HP: 27/101 [skeletal warrior/+0 dire flail[a skeletal
                  | warrior] (9)]
 11817 | D:9      | HP: 12/101 [skeletal warrior/+0 dire flail[a skeletal
                  | warrior] (16)]
 11828 | D:9      | Killed a skeletal warrior
 12205 | D:10     | Reached skill level 13 in Long Blades
 12225 | D:10     | HP: 50/101 [yak (5)]
 12661 | D:10     | HP: 50/101 [orc warrior/+0 glaive (2)]
 13006 | D:10     | Found a staircase to the Orcish Mines.
 13006 | D:10     | Noticed a skeletal warrior
 13006 | D:10     | Noticed a skeletal warrior
 13006 | D:10     | Noticed a skeletal warrior
 13007 | D:10     | Noticed a skeletal warrior
 13042 | D:9      | HP: 50/101 [skeletal warrior/+0 hand axe[a skeletal
                  | warrior] (8)]
 13047 | D:9      | Killed a skeletal warrior
 13047 | D:9      | Received a gift from Okawaru
 13047 | D:9      | Reached skill level 11 in Fighting
 13048 | D:9      | Got a bloodstained hat {god gift}
 13055 | D:9      | Identified the +0 hat of Yroc {rElec rN+ MR+ Dex-3}
                  | (Okawaru gifted it to you on level 9 of the Dungeon)
 13302 | D:9      | HP: 45/102 [skeletal warrior/+0 long sword (13)]
 13308 | D:9      | HP: 31/102 [skeletal warrior/+0 long sword (8)]
 13318 | D:9      | Killed a skeletal warrior
 13612 | D:9      | Killed a skeletal warrior
 13809 | D:10     | Killed a skeletal warrior
 13809 | D:10     | Reached skill level 11 in Armour
 14194 | Orc:1    | Entered Level 1 of the Orcish Mines
 14217 | Orc:1    | Noticed an orc sorcerer
 14218 | Orc:1    | Noticed Jorgrun
 14235 | D:10     | Reached skill level 14 in Long Blades
 14350 | Orc:1    | Paralysed by an orc sorcerer for 7 turns
 14359 | Orc:1    | HP: 41/102 [Jorgrun/blast of rock fragments (19)]
 14361 | Orc:1    | Killed Jorgrun
 14364 | Orc:1    | Noticed a sun demon
 14365 | Orc:1    | HP: 33/104 [sun demon[an orc sorcerer] (10)]
 14368 | Orc:1    | Killed an orc sorcerer
 14397 | Orc:1    | Noticed an ogre mage
 14397 | Orc:1    | Noticed a two-headed ogre
 14397 | Orc:1    | Noticed a two-headed ogre
 14397 | Orc:1    | Noticed a two-headed ogre
 14664 | Orc:1    | Noticed an orc warlord
 14672 | D:10     | HP: 41/104 [two-headed ogre/cursed -1 giant spiked club
                  | (17)]
 14673 | D:10     | Killed a two-headed ogre
 14673 | D:10     | Reached XP level 12. HP: 24/112 MP: 12/14
 15014 | Lair:1   | Entered Level 1 of the Lair of Beasts
 15217 | Lair:1   | Found a dark tunnel.
 15223 | Volcano  | Entered a volcano
 15243 | Volcano  | Received a gift from Okawaru
 15249 | Volcano  | Reached skill level 12 in Fighting
 15599 | Volcano  | Reached skill level 15 in Long Blades
 15604 | Volcano  | Found a radiant altar of Vehumet.
 15623 | Volcano  | Reached skill level 12 in Armour
 15629 | Volcano  | Gained mutation: You are resistant to hostile enchantments.
                  | (MR+) [potion of mutation]
 15629 | Volcano  | Gained mutation: You are partially covered in slimy green
                  | scales. (AC +2) [potion of mutation]
 15629 | Volcano  | Gained mutation: You are covered in fur. (AC +1) [potion of
                  | mutation]
 15630 | Volcano  | Noticed a red draconian
 15638 | Volcano  | HP: 50/112 [molten gargoyle/bolt of magma (20)]
 15658 | Volcano  | Killed a red draconian
 15661 | Volcano  | HP: 70/169 [molten gargoyle/bolt of magma (21)]
 15933 | Volcano  | Received a gift from Okawaru
 15934 | Volcano  | Got a translucent marble ring
 15935 | Volcano  | Identified the ring "Sezuyk" {Wiz rElec Slay+2} (You found
                  | it in a volcano)
 16575 | Lair:1   | Reached ****** piety under Okawaru
 16575 | Lair:1   | Reached skill level 16 in Long Blades
 17164 | Lair:2   | Noticed Urug
 17177 | Lair:2   | Killed Urug
 17624 | Lair:2   | Reached skill level 13 in Fighting
 17644 | Lair:2   | Found a transporter.
 17645 | Lair:2   | Identified the cursed +1 spear of Defence {antimagic, +Rage
                  | Int+2}
 17649 | Lair:2   | Found a transporter.
 17655 | Lair:2   | Found a bloodstained altar of Trog.
 17655 | Lair:2   | Noticed Icink's ghost (journeyman MiBe)
 17929 | Lair:3   | Found a staircase to the Swamp.
 18055 | Lair:3   | Noticed Snorg
 18070 | Lair:3   | Killed Snorg
 18070 | Lair:3   | Received a gift from Okawaru
 18070 | Lair:3   | Reached XP level 13. HP: 103/122 MP: 12/15
 18164 | Lair:3   | Found a hole to the Spider Nest.
 18420 | Lair:3   | Reached skill level 13 in Armour
 18913 | Lair:3   | HP: 61/122 [molten gargoyle/+0 morningstar (6)]
 19373 | Lair:4   | HP: 60/122 [13-headed hydra (3)]
 19379 | Lair:4   | HP: 39/122 [13-headed hydra (3)]
 19442 | Lair:4   | HP: 40/122 [13-headed hydra (6)]
 19475 | Lair:4   | HP: 35/122 [yak (4)]
 19874 | Lair:4   | Reached skill level 17 in Long Blades
 19948 | Lair:3   | HP: 55/122 [something (8)]
 19953 | Lair:3   | HP: 34/122 [something (4)]
 19958 | Lair:3   | HP: 58/274 [something (2)]
 19963 | Lair:3   | Killed a ghost moth
 21382 | Lair:5   | HP: 53/123 [black mamba (11)]
 21387 | Lair:5   | HP: 33/123 [poisoned by a black mamba]
 21389 | Lair:5   | HP: 14/123 [crocodile (3)]
 21391 | Lair:5   | Received a gift from Okawaru
 21416 | Lair:5   | HP: 18/123 [crocodile (10)]
 22156 | Lair:5   | Found a viscous altar of Jiyva.
 22156 | Lair:5   | Found a staircase to the Slime Pits.
 22258 | Lair:5   | Reached skill level 14 in Fighting
 22645 | Lair:6   | Entered Level 6 of the Lair of Beasts
 22719 | Lair:6   | Reached skill level 18 in Long Blades
 22730 | Lair:6   | HP: 61/124 [elephant (11)]
 22736 | Lair:6   | HP: 51/124 [death yak (5)]
 22739 | Lair:6   | Reached skill level 14 in Armour
 22740 | Lair:6   | HP: 15/124 [death yak (14)]
 22766 | Lair:5   | HP: 18/124 [hippogriff (5)]
 23148 | Lair:6   | Received a gift from Okawaru
 23177 | Lair:5   | Reached XP level 14. HP: 67/132 MP: 17/17
 23177 | Lair:5   | HP: 66/132 [poisoned by a spiny frog]
 23183 | Lair:5   | HP: 64/132 [poisoned by a spiny frog]
 23188 | Lair:5   | HP: 64/132 [poisoned by a spiny frog]
 23195 | Lair:5   | HP: 64/132 [poisoned by a spiny frog]
 23203 | Lair:5   | HP: 65/132 [poisoned by a spiny frog]
 23525 | Lair:6   | Reached skill level 6 in Invocations
 23555 | Lair:6   | HP: 60/133 [blink frog (8)]
 23562 | Lair:5   | HP: 61/133 [poisoned by a spiny frog]
 24827 | Lair:6   | Received a gift from Okawaru
 25067 | Lair:6   | Got a heavily runed silver amulet
 25068 | Lair:6   | Identified Gakk's Collected Works on Snow and Lightness
 25272 | Lair:6   | Identified the amulet "Imeupix" {Regen+ Int+6 Dex-5} (You
                  | found it on level 6 of the Lair of Beasts)
 25632 | D:10     | Killed an orc warlord
 25632 | D:10     | Reached skill level 19 in Long Blades
 25632 | D:10     | Reached skill level 7 in Invocations
 25749 | Orc:1    | Found a roughly hewn altar of Beogh.
 25756 | Orc:1    | Reached skill level 15 in Fighting
 25806 | Orc:1    | Noticed Harold
 25822 | Orc:1    | Killed Harold
 25938 | Orc:1    | You fall into a shaft and drop 1 floor!
 25938 | Orc:2    | Entered Level 2 of the Orcish Mines
 25938 | Orc:2    | Found a staircase to the Elven Halls.
 25938 | Orc:2    | Noticed Maurice
 26000 | Orc:1    | Killed Maurice
 26000 | Orc:1    | Received a gift from Okawaru
 26074 | Orc:2    | Found Ciafuuzo's General Store.
 26099 | Orc:2    | HP: 67/135 [poisoned by an orc warrior]
 26104 | Orc:2    | HP: 35/135 [poisoned by an orc warrior]
 26109 | Orc:2    | HP: 32/135 [poisoned by an orc warrior]
 26115 | Orc:2    | HP: 31/135 [poisoned by an orc warrior]
 26121 | Orc:2    | HP: 32/135 [poisoned by an orc warrior]
 26126 | Orc:2    | HP: 33/135 [poisoned by an orc warrior]
 26132 | Orc:2    | HP: 29/135 [orc knight/+1 bardiche (8)]
 26138 | Orc:1    | HP: 22/135 [poisoned by an orc warrior]
 26404 | Orc:2    | Found Girias's Antique Weapon Emporium.
 26498 | Orc:2    | Bought a scroll of identify for 26 gold pieces
 26498 | Orc:2    | Bought a scroll of enchant armour for 97 gold pieces
 26498 | Orc:2    | Bought a scroll of teleportation for 39 gold pieces
 26527 | Orc:2    | Found Ymusa's Book Shoppe.
 26770 | Orc:2    | Found a bloodstained altar of Trog.
 26773 | Orc:2    | Found a roughly hewn altar of Beogh.
 26807 | Orc:2    | Noticed an orc warlord
 26853 | Orc:1    | Reached skill level 15 in Armour
 26853 | Orc:1    | HP: 67/135 [orc priest/divine providence[an orc knight]
                  | (15)]
 26855 | Orc:1    | HP: 27/135 [orc warrior/+0 battleaxe[an orc knight] (21)]
 26860 | Orc:1    | HP: 16/135 [orc priest/divine providence[an orc knight]
                  | (13)]
 27141 | Orc:1    | Killed an orc warlord
 27154 | Orc:2    | Reached XP level 15. HP: 131/141 MP: 19/19
 27211 | Orc:2    | Found Zaabiegu's Antique Armour Shop.
 27219 | Orc:2    | Bought a pair of embroidered gloves for 172 gold pieces
 28559 | D:12     | Reached skill level 8 in Invocations
 28751 | D:12     | Received a gift from Okawaru
 28866 | D:12     | Found Exyqam's Distillery.
 28875 | D:12     | Bought a potion of berserk rage for 75 gold pieces
 29090 | D:13     | Received a gift from Okawaru
 29585 | D:14     | Reached skill level 20 in Long Blades
 29659 | D:14     | Found a portal to a secret trove of treasure.
 29663 | Trove    | Entered a treasure trove
 29673 | Trove    | Got a vibrating marble ring
 29705 | Trove    | Identified the ring "Lyneu" {Fire *Slow rPois MR+++ Dex+6}
                  | (You found it in a treasure trove)
 29993 | D:14     | Found a gate to the Vaults.
 30150 | D:14     | theanonym: !lg . killer=mennas
 30150 | D:14     | beem: No games for theanonym (killer=mennas).
 30150 | D:14     | theanonym: !lg * killer=mennas
 30150 | D:14     | beem: 1597. Zero the Executioner (L27 GrBe of The Shining
                  | One), mangled by Mennas (a +4 sacred scourge of holy wrath)
                  | on Depths:3 (evilmike_silver_temple) on 2019-05-27
                  | 19:14:52, with 603466 points after 52967 turns and 1:21:19.
 30150 | D:14     | theanonym: !lg people killer=mennas
 30150 | D:14     | beem: 15. stonage the Impaler (L19 DsFi of Okawaru), slain
                  | by Mennas (a +5 eudemon blade of holy wrath) on Vaults:2
                  | (vaults_dpeg_cross) on 2019-04-17 04:12:39, with 260405
                  | points after 39787 turns and 2:03:38.
 30150 | D:14     | theanonym: !lg people killer=mennas s=name
 30150 | D:14     | beem: 15 games for people (killer=mennas): 5x casual, 3x
                  | feelmyfire, 2x namelastname112, xeno23, Soeti, stonage,
                  | Arum, runewalsh
 30150 | D:14     | theanonym: !lg people s=name killer=oof
 30150 | D:14     | beem: No games for people (killer=oof).
 30150 | D:14     | theanonym: !lg people s=name killer=orb of fire
 30150 | D:14     | beem: No keyword 'of'
 30150 | D:14     | theanonym: !lg people s=name killer='orb of fire'
 30150 | D:14     | beem: 24 games for people (killer='orb of fire'): 5x Azzok,
                  | 4x namelastname112, 3x casual, 2x DEFE, 2x iamserjio, 2x
                  | Tovarisch, Wingboner, Malog, Redear, soeti, theanonym,
                  | UristMcMason
 30150 | D:14     | theanonym: !lg people s=name killer=mara
 30150 | D:14     | beem: 6 games for people (killer=mara): feelmyfire,
                  | namelastname112, qqq123, stonage, theanonym, TheNamelessOne
 30150 | D:14     | theanonym: !lg people s=name killer=tesla
 30150 | D:14     | beem: No games for people (killer=tesla).
 30150 | D:14     | theanonym: !lg people s=name killer=~tesla
 30150 | D:14     | beem: No games for people (killer=~tesla).
 30150 | D:14     | theanonym: !lg people s=name killer=nikola
 30150 | D:14     | beem: 30 games for people (killer=nikola): 6x Azzok, 4x
                  | soeti, 3x casual, 2x feelmyfire, 2x Tovarisch, xeno23,
                  | Malog, Oozefury, TheNamelessOne, UristMcMason, Arum,
                  | Bibburat, DEFE, epen, Goblin1989, iamserjio, kirsanium,
                  | LabCoat
 30150 | D:14     | theanonym: !lg people s=name killer=worm
 30150 | D:14     | beem: 962 games for people (killer=worm): 95x
                  | namelastname112, 94x runewalsh, 83x DEFE, 66x
                  | KristoblXynda, 63x Azzok, 61x casual, 57x Goblin1989, 55x
                  | soeti, 49x TheNamelessOne, 44x feelmyfire, 35x Tiareth, 34x
                  | epen, 33x iamserjio, 33x wvc, 23x Redear, 18x theanonym,
                  | 12x Tovarisch, 12x xeno23, 9x NeonDemon, 8x Arum, 8x
                  | StylePro, 7x Tenar, 7x Malog, 7x UristMcMason, 6x Oozefury,
                  | 6x Zubo, 5x domsik, 5x
 30150 | D:14     | beem: graymark, 4x kirsanium, 4x Hepliaklqana, 3x ReniFell,
                  | 2x Torikoriko, 2x qqq123, 2x tminei, 2x Inquiry, Kikal,
                  | AzimovGozag66, sexinstructor, Bibburat, Wingboner, pskda,
                  | stonage, LabCoat
 30189 | D:14     | HP: 70/143 [nine-headed hydra (3)]
 30194 | D:14     | HP: 42/143 [shadow imp (1)]
 30204 | D:14     | HP: 32/143 [manticore/volley of spikes (14)]
 30209 | D:14     | HP: 15/143 [barbs]
 30393 | D:14     | Reached skill level 9 in Invocations
 30482 | D:14     | Reached skill level 16 in Fighting
 30507 | D:14     | Found a runed translucent gate.
 30507 | D:14     | Found a runed translucent gate.
 30508 | D:14     | Found a runed translucent gate.
 30510 | D:14     | Noticed Yjeix's ghost (journeyman MiBe)
 30513 | D:14     | Found a roughly hewn altar of Beogh.
 30514 | D:14     | Identified the +7 chain mail "Nionisec" {rElec rPois
                  | Stlth-}
 30875 | D:14     | theanonym: !lg people s=urune
 30875 | D:14     | beem: 58315 games for people: 55523x 0, 594x 3, 577x 2,
                  | 491x 1, 409x 15, 258x 4, 196x 5, 74x 6, 36x 10, 32x 9, 30x
                  | 7, 23x 11, 22x 14, 18x 12, 17x 13, 15x 8
 30875 | D:14     | theanonym: !lg people urune=15 s=name
 30875 | D:14     | beem: 409 games for people (urune=15): 89x DEFE, 43x
                  | TheNamelessOne, 43x theanonym, 33x namelastname112, 29x
                  | xeno23, 22x runewalsh, 16x casual, 16x Petrovich, 11x
                  | Redear, 11x ReniFell, 10x feelmyfire, 10x iamserjio, 10x
                  | wvc, 8x Goblin1989, 7x Azzok, 7x Oozefury, 6x kirsanium, 6x
                  | graymark, 5x epen, 4x NeonDemon, 4x soeti, 3x beholder, 3x
                  | Wingboner, 3x Tovarisch, 2x Malog, Torikoriko, Tenar,
                  | Inquiry,
 30875 | D:14     | beem: UristMcMason, domsik, DsMo, stonage, qqq123
 30875 | D:14     | theanonym: !lg people urune=15 s=name god!~shin
 30875 | D:14     | beem: 348 games for people (urune=15 god!~shin): 55x DEFE,
                  | 41x TheNamelessOne, 41x theanonym, 33x namelastname112, 28x
                  | xeno23, 22x runewalsh, 16x casual, 15x Petrovich, 10x wvc,
                  | 9x iamserjio, 8x feelmyfire, 8x Redear, 8x Goblin1989, 7x
                  | Oozefury, 6x Azzok, 5x graymark, 5x ReniFell, 5x kirsanium,
                  | 4x NeonDemon, 4x soeti, 4x epen, 3x Wingboner, 2x beholder,
                  | 2x Tovarisch, stonage, UristMcMason, DsMo,
 30875 | D:14     | beem: Torikoriko, Tenar, Inquiry, Malog
 30904 | D:15     | Entered Level 15 of the Dungeon
 30945 | D:15     | HP: 64/144 [cyclops (10)]
 30950 | D:15     | HP: 54/144 [poisoned by a green ugly thing]
 30955 | D:15     | HP: 54/144 [poisoned by a green ugly thing]
 30960 | D:14     | HP: 35/144 [poisoned by a green ugly thing]
 30966 | D:14     | HP: 38/144 [poisoned by a green ugly thing]
 30974 | D:14     | HP: 42/144 [poisoned by a green ugly thing]
 31458 | D:15     | Found a staircase to the Depths.
 31464 | D:15     | Reached skill level 16 in Armour
 31473 | D:15     | HP: 69/144 [large slime creature (16)]
 31479 | D:15     | HP: 43/144 [slime creature (13)]
 31483 | D:15     | Reached XP level 16. HP: 46/151 MP: 20/22
 31871 | D:15     | Reached skill level 21 in Long Blades
 32359 | D:7      | Killed aaksess's ghost
 32613 | D:14     | HP: 56/152 [orc warrior/+0 battleaxe (31)]
 32623 | D:14     | HP: 53/152 [Yjeix's ghost (7)]
 32628 | D:14     | Killed Yjeix's ghost
 32636 | D:14     | HP: 31/152 [orc priest/divine providence (15)]
 32819 | D:14     | Got a pair of polished gloves
 32821 | D:14     | Got a glittering tin amulet
 32822 | D:14     | Identified the +2 pair of gloves of Ywaqemo {rC+ MR+} (You
                  | found it on level 14 of the Dungeon)
 32823 | D:14     | Identified the amulet "Syobuick" {Regen+ Str+3 Int+3} (You
                  | found it on level 14 of the Dungeon)
 33049 | Lair:2   | Killed Icink's ghost
 33049 | Lair:2   | Received a gift from Okawaru
 33223 | Elf:1    | Entered Level 1 of the Elven Halls
 33272 | Elf:1    | Received a gift from Okawaru
 33272 | Elf:1    | Reached skill level 10 in Invocations
 33353 | Elf:1    | HP: 52/152 [something/shard of ice (30)]
 33359 | Elf:1    | HP: 27/152 [smoke demon/ball of steam[a deep elf mage] (3)]
 33361 | Elf:1    | Killed from afar by a deep elf knight

Vanquished Creatures
  Jorgrun (Orc:1)
  2 orc warlords
  A ghost moth (Lair:3)
  An ironheart preserver (D:14)
  A dire elephant (D:15)
  The ghost of Icink the Severer, a journeyman MiBe of Trog (Lair:2)
  A red draconian (Volcano)
  Snorg (Lair:3)
  A great orb of eyes (Lair:6)
  The ghost of Yjeix the Protected, a journeyman MiBe of Trog (D:14)
  Harold (Orc:1)
  2 ice dragons
  3 hydras
  7 centaur warriors
  7 two-headed ogres
  A queen ant (D:8)
  A dancing weapon (Elf:1)
  A death knight (D:15)
  An ogre mage (Orc:1)
  6 death yaks
  6 tengu warriors
  An orc high priest (Orc:2)
  Urug (Lair:2)
  A deep elf knight (Elf:1)
  12 skeletal warriors
  A salamander mystic (Volcano)
  Pikel (D:5)
  2 unseen horrors
  A lindwurm (Lair:6)
  A deep elf archer (Elf:1)
  A phantasmal warrior (D:15)
  7 orc knights
  2 wolf spider zombies
  2 moths of wrath
  3 cyclopes
  9 deep elf magi (Elf:1)
  9 orc sorcerers
  4 manticores
  A wolf spider (D:15)
  4 salamanders (Volcano)
  10 ugly things
  10 elephants (Lair:6)
  Maurice (Orc:1)
  4 molten gargoyles
  6 black mambas
  The ghost of aaksess the Thaumaturge, a novice DEWz of Vehumet (D:7)
  3 centaur skeletons
  3 gargoyles
  Psyche (D:8)
  21 spiny frogs
  A kobold demonologist (D:14)
  2 rime drakes
  4 efreet
  6 komodo dragons
  3 tengu conjurers
  3 meliai (D:14)
  4 polar bears
  A hornet (Lair:2)
  11 trolls
  4 tyrant leeches (Lair:6)
  A raiju (shapeshifter) (D:13)
  13 slime creatures
  12 hippogriffs
  23 blink frogs
  6 wyverns
  A vampire (D:14)
  2 redbacks (Lair:3)
  A water elemental (D:15)
  4 spriggans (Lair:2)
  6 fire bats (Volcano)
  33 yaks
  3 basilisks
  4 hungry ghosts
  6 vampire mosquitoes
  5 insubstantial wisps (Lair:3)
  5 wargs
  5 soldier ants (D:8)
  An acid dragon (D:15)
  4 porcupines
  8 water moccasins
  2 hell hounds (Lair:1)
  6 sky beasts
  3 ice beasts
  34 orc warriors
  2 black bears
  An eye of draining (D:11)
  5 phantoms
  3 necrophages
  21 ogres
  4 boggarts
  11 centaurs
  7 crocodiles
  5 big kobolds
  A big kobold (shapeshifter) (D:14)
  22 bullfrogs
  A scorpion (D:9)
  6 killer bees (D:12)
  5 howler monkeys
  4 electric eels
  10 crimson imps
  2 bullfrog zombies
  4 centaur zombies
  9 lava snakes
  5 orc priests
  4 bullfrog skeletons
  10 hounds
  4 jellies
  Jessica (D:3)
  2 iguanas
  Terence (D:3)
  22 worker ants
  18 orc wizards
  A killer bee zombie (D:6)
  A hound zombie (D:11)
  2 hound skeletons
  A worker ant zombie (D:8)
  4 gnolls (D:4)
  2 howler monkey skeletons (D:4)
  14 adders
  5 shadow imps
  2 oozes
  2 adder zombies
  An adder skeleton (D:5)
  3 worms (D:2)
  6 dart slugs
  6 leopard geckos
  80 orcs
  9 giant cockroaches
  5 goblins
  5 hobgoblins
  17 jackals
  27 kobolds
  6 quokkas
  A ball python (D:2)
  2 bats
  A frilled lizard (D:3)
  5 rats
  A spectral orc (D:4)
796 creatures vanquished.

Vanquished Creatures (others)
  An ogre (Orc:1)
  An orc priest (D:14)
  An orc wizard (Orc:1)
  An orc (Orc:1)
  A giant cockroach (D:5)
  13 fungi
  39 plants
57 creatures vanquished.

Grand Total: 853 creatures vanquished

Table legend:
 A = Turns spent in this place as a percentage of turns spent in the entire game.
 B = Non-inter-level travel turns spent in this place as a percentage of non-inter-level travel turns spent in the entire game.
 C = Inter-level travel turns spent in this place as a percentage of turns spent in this place.
 D = Turns resting spent in this place as a percentage of non-inter-level travel turns spent in this place.
 E = Turns spent auto-exploring this place as a percentage of non-inter-level travel turns spent in this place.
 F = Non-inter-level travel turns spent in this place divided by the number of levels of this place that you've seen.
                   A       B       C       D       E      F
               +-------+-------+-------+-------+-------+----------------------
         Total | 100.0 | 100.0 |   5.7 |  37.5 |  43.4 | 1210.2
       Dungeon |  61.0 |  61.5 |   5.0 |  34.7 |  46.7 | 1290.1
          Lair |  29.9 |  29.4 |   7.5 |  45.6 |  37.5 | 1540.2
  Orcish Mines |   6.2 |   6.1 |   6.7 |  22.8 |  52.3 | 962.5
   Elven Halls |   0.4 |   0.4 |   0.0 |  14.5 |  31.9 | 138.0
         Trove |   0.1 |   0.2 |   0.0 |   0.0 |   0.0 |  49.0
       Volcano |   2.3 |   2.4 |   0.0 |  54.7 |  12.6 | 761.0
               +-------+-------+-------+-------+-------+----------------------
